 Dungeon Crawl Stone Soup version 0.26-a0-812-g31a745ddcd (webtiles) character file.

Game seed: 17160195563286078649

30 Riddle the Ducker (level 3, -5/20 HPs)
             Began as a Spriggan Abyssal Knight on Nov 14, 2020.
             Was a Follower of Lugonu.
             Slain by a blink frog (13 damage)
             ... on level 1 of the Abyss.
             The game lasted 00:01:14 (175 turns).

Riddle the Ducker (Spriggan Abyssal Knight)          Turns: 175, Time: 00:01:15

Health: -5/20      AC:  2    Str:  8    XL:     3   Next: 3%
Magic:  5/5        EV: 19    Int: 13    God:    Lugonu [*.....]
Gold:   6          SH:  0    Dex: 16    Spells: 2/2 levels left

rFire    . . .     SeeInvis +   a - +1 spear
rCold    . . .     Faith    .   (shield restricted)
rNeg     . . .     Spirit   .   b - +0 robe
rPois    .         Reflect  .   (helmet restricted)
rElec    .         Harm     .   (no cloak)
rCorr    .         Rampage  .   (gloves unavailable)
MR       .....                  (boots unavailable)
Stlth    +.........             (no amulet)
HPRegen  0.06/turn              (no ring)
MPRegen  0.09/turn              (no ring)

@: very quick
A: very small, unfitting armour, see invisible, speed 3
a: Depart the Abyss, Renounce Religion


You were on level 1 of the Abyss.
You worshipped Lugonu.
Lugonu was aware of your devotion.
You visited 0 branches of the dungeon, and saw 0 of its levels.
You visited the Abyss 1 time.

You collected 6 gold pieces.

Inventory:

Hand Weapons
 a - a +1 spear (weapon)
Armour
 b - a +0 robe (worn)
Scrolls
 d - a scroll of remove curse {unknown}
Potions
 c - a potion of attraction {unknown}


   Skills:
 + Level 3.0 Fighting
 + Level 1.7 Polearms
 + Level 4.0 Dodging
 + Level 2.0 Invocations


You had 2 spell levels left.
You didn't know any spells.
Your spell library was empty.

Dungeon Overview and Level Annotations

Branches:
Dungeon (0/15)

Altars:


Innate Abilities, Weirdness & Mutations

You are very small and have problems with some larger weapons.
You are too small for most types of armour.
You have supernaturally acute eyesight. (SInv)
You cover ground extremely quickly.


Message History

The blink frog is lightly wounded.
The blink frog blinks!
A tentacle flies out from the starspawn's body!
A starspawn tentacle comes into view.
The blink frog blinks!
You reach to attack!
You barely miss the blink frog.
The blink frog is lightly wounded.
The blink frog blinks!
The blink frog barely misses you. The blink frog hits you!
Ouch! That really hurt!
The blink frog blinks!
A small abomination comes into view.
Found a scroll labelled KOIDOC HAMUA.
Tentacles burst from the starspawn's body! 2 starspawn tentacles come into view.
The blink frog blinks!
The blink frog hits you!
Ouch! That really hurt!
You die...

.# # #### #.. .
#..#
....#.#.####
#...##...# ###
#.@F#.#
#...####.#x#.#
##.. .#...#.##
#
#...#..ยง#.#.##
#. ?.#...#... #
###...###.##.#
### # .X## #.
.# # ####.# # .
# #.. #..## ..


You could see a tentacled starspawn, a blink frog and a small abomination.

Vanquished Creatures
  A jelly (Abyss:1)
1 creature vanquished.

Vanquished Creatures (others)
  4 starspawn tentacles (Abyss:1)
4 creatures vanquished.

Grand Total: 5 creatures vanquished

Notes
Turn   | Place    | Note
-------+----------+-------------------------------------------
     0 | Abyss:1  | Riddle the Spriggan Abyssal Knight began the quest for the
                  | Orb.
     0 | Abyss:1  | Reached XP level 1. HP: 11/11 MP: 3/3
    21 | Abyss:1  | Found a corrupted altar of Lugonu.
    27 | Abyss:1  | Found a corrupted altar of Lugonu.
    39 | Abyss:1  | Noticed a jelly
    54 | Abyss:1  | Killed a jelly
    54 | Abyss:1  | Reached skill level 4 in Dodging
    54 | Abyss:1  | Reached XP level 2. HP: 16/16 MP: 4/4
    54 | Abyss:1  | Reached XP level 3. HP: 20/20 MP: 5/5
   112 | Abyss:1  | Noticed a tentacled starspawn
   120 | Abyss:1  | Noticed a blink frog
   164 | Abyss:1  | Noticed a small abomination
   175 | Abyss:1  | Slain by a blink frog

Illustrated notes

Levels and vault maps discovered:
Abyss:1:  base: Temple, base:
Temple

Skill      XL: |  1 |
---------------+----+-----
Fighting       | 3 |  3.0
Dodging        | 4 |  4.0
Invocations    | 2 |  2.0
Polearms       | |  1.7

Action                   || total
-------------------------++-------
Melee: Spear             ||     8
Dodge: Dodged            ||     1

Table legend: (Time is in decaauts)
 A = Elapsed time spent in this place.
 B = Non-inter-level travel time spent in this place.
 C = Inter-level travel time spent in this place.
 D = Time resting spent in this place.
 E = Time spent auto-exploring this place.
 F = Levels seen in this place.
 G = Mean time per level.
                   A        B        C        D        E       F      G
               +--------+--------+--------+--------+--------+-----+--------+
         Total |    109 |    109 |      0 |      0 |     23 |   1 |  109.0 |
         Abyss |    109 |    109 |      0 |      0 |     23 |   1 |  109.0 |
               +--------+--------+--------+--------+--------+-----+--------+

Top non-repeatable levels by time:
 Abyss:1: 109 daAuts
